 Dungeon Crawl Stone Soup version 0.28.0-53-g5a82cb258f (webtiles) character file.

Game seed: 7608567583997823815

42 Gabide the Skirmisher (level 3, 0/46 HPs)
             Began as a Barachi Delver on June 20, 2022.
             Succumbed to a goblin's poison
             ... on level 1 of the Dungeon.
             The game lasted 00:07:07 (1481 turns).

Gabide the Skirmisher (Barachi Delver)              Turns: 1481, Time: 00:07:07

Health: 0/46       AC: 21    Str: 15    XL:     3   Next: 54%
Magic:  3/3        EV:  2    Int: 10    God:
Gold:   36         SH:  0    Dex: 13    Spells: 2/2 levels left

rFire   . . .      SeeInvis .   a - +0 falchion (elec)
rCold   . . .      Faith    .   (no shield)
rNeg    . . .      Spirit   .   (armour currently unavailable)
rPois   +          Reflect  .   (helmet currently unavailable)
rElec   .          Harm     .   (cloak currently unavailable)
rCorr   .          Rampage  .   (gloves currently unavailable)
Will    .....      NoTele   +   (boots currently unavailable)
Stlth   +++.......              (no amulet)
HPRegen 0.15/turn               b - ring of wizardry
MPRegen 0.08/turn               (no ring)

@: lethally poisoned (0 -> -3), tree-form
A: stationary, stasis, torment immunity, boosted hp, (amphibious), (slowness 1),
(strong legs 1), +LOS
a: no special abilities


You were on level 1 of the Dungeon.
You were a tree.
You visited 1 branch of the dungeon, and saw 5 of its levels.

You collected 36 gold pieces.

Inventory:

Hand Weapons
 a - a +0 falchion of electrocution (weapon)
Armour
 f - a +0 ring mail (melded)
 i - a +0 scale mail
Jewellery
 b - a ring of wizardry (left branch)
Scrolls
 c - a scroll of fog
Potions
 h - a potion of attraction


   Skills:
 + Level 4.6 Fighting
 + Level 3.7 Long Blades
 - Level 2.1 Dodging
 - Level 4.5 Stealth


You had 2 spell levels left.
You didn't know any spells.
Your spell library was empty.

Dungeon Overview and Level Annotations

Branches:
Dungeon (5/15)
 Temple: D:4-7

Altars:

Annotations:
D:2 Robin


Innate Abilities, Weirdness & Mutations

You are a tree.
Your roots penetrate the ground, keeping you stationary.
You cannot be teleported.
You are immune to unholy pain and torment.
Your maximum health is greatly increased.
Your equipment is partially melded.
((You are amphibious.))
((You cover ground slowly.))
((You can hop short distances.))
You have an extended range of vision and can be seen from far away.


Message History

You feel very sick.
There is a stone staircase leading down here.
Press: ? - help, v - describe, . - travel
Here: a goblin, wielding a +0 club The floor.
Unknown command.
You slash the goblin!
You kill the goblin!
You feel very sick. The goblin closely misses you.
The goblin hits you but does no damage. The hobgoblin hits you.
The goblin closely misses you. The goblin hits you with a +0 club.
* * * LOW HITPOINT WARNING * * *
It was a potion of lignification.
You turn into a tree.
Your +0 ring mail melds into your body.
Your roots penetrate the ground.
You feel sick. The hobgoblin hits you.
* * * LOW HITPOINT WARNING * * *
The goblin hits you but does no damage. The goblin hits you with a +0 dagger.
* * * LOW HITPOINT WARNING * * *
It was a potion of flight.
Your roots keep you in place.
* * * LOW HITPOINT WARNING * * *
You feel sick.
The hobgoblin hits you but does no damage.
The goblin hits you but does no damage. x2
You hit the goblin.
The goblin is heavily wounded.
* * * LOW HITPOINT WARNING * * *
You feel sick.
The hobgoblin hits you but does no damage.
The goblin hits you but does no damage. x2
You barely miss the goblin.
The goblin is heavily wounded.
* * * LOW HITPOINT WARNING * * *
You feel sick.
The hobgoblin hits you but does no damage.
The goblin hits you but does no damage. x2
As you read the scroll of fear, it crumbles to dust.
You assume a fearsome visage.
The goblin looks frightened!
The hobgoblin looks frightened!
The goblin looks frightened!
You die...

###### ##.....#
#.......##
.........##
..........
.......÷.#
.........#
.......g.#######
.......)♣g.....#
.......g.#####..#
..........
...........
.........#..
...........#.
.#......####..
######. .. #. ..


You could see a hobgoblin (fleeing) and 2 goblins.

Vanquished Creatures
  2 adders
  An adder skeleton (D:4)
  A hobgoblin (D:2)
  2 ball pythons (D:2)
  4 bats
  A frilled lizard (D:1)
  7 goblins
  3 kobolds
  5 rats (D:2)
26 creatures vanquished.

Vanquished Creatures (others)
  16 plants (D:2)
16 creatures vanquished.

Grand Total: 42 creatures vanquished

Notes
Turn   | Place    | Note
-------+----------+-------------------------------------------
     0 | D:5      | Gabide the Barachi Delver began the quest for the Orb.
     0 | D:5      | Reached XP level 1. HP: 18/18 MP: 1/1
    43 | D:4      | Reached XP level 2. HP: 11/25 MP: 2/2
   261 | D:4      | Noticed an ogre
  1107 | D:2      | Reached XP level 3. HP: 31/31 MP: 3/3
  1256 | D:2      | Noticed Robin
  1479 | D:1      | HP: 1/46 [poisoned by a goblin]
  1481 | D:1      | Succumbed to a goblin's poison

Illustrated notes

Levels and vault maps discovered:
D:1:      zelgadis_glass_arrival_small, layout_rooms,
          shapermc_ecumenical_altar_mp_urbaneastern
D:2:      layout_rooms, serial_bayou, serial_bayou_shore_a, serial_bayou_pond_c,
          serial_bayou_pond_e, serial_bayou_pond_d, grunt_decor_fettered,
          wander_ebering_terrifying_dragon_lair, uniq_robin
D:3:      layout_loops_ring, serial_bayou_crossing, uniq_crazy_yiuf_cottage
D:4:      layout_basic, nicolae_ossuary_entry_catacombs
D:5:      layout_loops_cross

Skill      XL: |  1 |
---------------+----+-----
Fighting       | 4 |  4.6
Long Blades    | 3 |  3.7
Dodging        | |  2.1
Stealth        | |  4.5

Action                   || total
-------------------------++-------
Melee: Falchion          ||    98
 Abil: Hop               ||     1
Evoke: Wand              ||     3
  Use: Scroll            ||     6
       Potion            ||     3
 Stab: Sleeping          ||     2
Armor: Leather armour    ||     5
       Ring mail         ||    29
       Scale mail        ||     5
       Skin              ||    10
Dodge: Dodged            ||    67
